AoeStats
← Electriuz

Highland

506016725Analyzed
3v3 RM · 20d ago on Sep 12, 2026· 76m 27s· 6 players
Game mode
Random Map
Map size
Normal (6 player)
Population
200
Speed
Normal
Resources
Standard
Victory
Conquest
Starting age
Dark Age
Ending age
Imperial Age
RankedLock teamsTeams togetherTeam positionsShared explorationLock speedFull tech treeHidden civsTurbo modeCheats
Victory
Defeat
🇦🇷 Gurjaras · Argentina
578
+7
🇺🇸 Portuguese · United States
548
+8
🇨🇱 Mongols · Chile
511
+9
🇺🇸 Huns · United States
411
-10
🇺🇸 Tupi · United States
388
-9
🇺🇸 Huns · United States
259
-5
luial10
13:33 Feudal Age
15:45 Wheelbarrow
14:52 Horse Collar
17:08 Gold Mining
17:07 Double-Bit Axe
21:10 Town Watch
25:48 Stone Mining
32:46 Castle Age
32:05 Forging
31:45 Fletching
31:57 Scale Mail Armor
31:57 Padded Archer Armor
33:16 Fishing Lines
34:12 Bow Saw
35:56 Heavy Plow
36:37 Pikeman
38:14 Caravan
39:22 Treadmill Crane
39:52 Fortified Wall
40:14 Hand Cart
40:00 Town Patrol
40:50 Iron Casting
40:31 Chain Mail Armor
40:12 Bodkin Arrow
40:32 Leather Archer Armor
42:10 Masonry
41:56 Murder Holes
44:47 Imperial Age
43:18 Arson
46:41 Chemistry
45:32 Guard Tower
45:49 Siege Engineers
46:11 Conscription
45:18 Elite Organ Gun
45:54 Halberdier
49:09 Two-Man Saw
48:09 Loom
49:00 Architecture
49:50 Plate Mail Armor
49:21 Bracer
49:52 Ring Archer Armor
50:23 Blast Furnace
49:45 Ballistics
50:03 Keep
50:29 Arquebus
53:54 Heated Shot
54:15 Careening
54:15 Clinker Construction
55:47 Dry Dock
60:28 Husbandry
60:38 Bloodlines
59:49 Light Cavalry
59:49 Cavalier
61:31 Husbandry
60:51 Cavalier
lesterwood
9:04 Loom
16:10 Feudal Age
17:33 Double-Bit Axe
17:36 Horse Collar
19:21 Wheelbarrow
20:17 Fishing Lines
21:43 Bloodlines
27:28 Castle Age
29:17 Hand Cart
28:57 Stone Mining
29:20 Bow Saw
29:13 Heavy Plow
33:20 Stone Shaft Mining
32:36 Gold Mining
32:33 Town Watch
Electriuz
14:00 Feudal Age
15:18 Horse Collar
15:25 Double-Bit Axe
19:14 Castle Age
18:35 Gold Mining
18:35 Stone Mining
21:50 Bow Saw
23:19 Wheelbarrow
22:51 Heavy Plow
22:55 Arson
29:57 Imperial Age
28:22 Thumb Ring
27:37 Crossbowman
28:35 Scale Mail Armor
28:59 Crossbowman
29:34 Fletching
29:44 Padded Archer Armor
32:17 Chain Mail Armor
32:13 Forging
33:53 Bodkin Arrow
35:01 Chemistry
33:45 Treadmill Crane
34:58 Elite Elephant Archer
36:28 Bracer
36:43 Leather Archer Armor
37:54 Herbal Medicine
38:54 Ballistics
39:26 Plate Mail Armor
39:31 Iron Casting
39:02 Scale Barding Armor
41:59 Kshatriyas
61:08 Elite Chakram Thrower
63:08 Chain Barding Armor
63:40 Frontier Guards
63:15 Elite Skirmisher
69:55 Siege Elephant
71:27 Conscription
WookieWarrior
9:15 Loom
11:23 Feudal Age
13:57 Wheelbarrow
16:19 Double-Bit Axe
20:38 Castle Age
21:59 Champi Runner
22:54 Horse Collar
23:52 Fletching
24:04 Scale Mail Armor
25:34 Squires
30:49 Hand Cart
30:20 Town Watch
30:37 Caravan
32:12 Town Patrol
36:33 Champi Warrior
36:59 Arson
40:12 Forging
40:07 Pikeman
43:06 Caciques
45:52 Imperial Age
43:31 Elite Skirmisher
47:04 Elite Blackwood Archer
47:51 Curare
48:09 Halberdier
51:20 Chemistry
50:41 Ballistics
50:44 Elite Champi Warrior
53:05 Chain Mail Armor
53:26 Iron Casting
52:46 Bodkin Arrow
54:38 Elite Blackwood Archer
55:25 Curare
56:48 Elite Blackwood Archer
57:01 Elite Blackwood Archer
62:20 Curare
65:51 Bow Saw
65:50 Heavy Plow
65:41 Gold Mining
67:31 Plate Mail Armor
67:02 Bracer
4Horsemen69
0:53 Loom
15:45 Feudal Age
16:18 Horse Collar
16:27 Double-Bit Axe
16:56 Fishing Lines
17:11 Town Watch
18:32 Wheelbarrow
19:45 Gold Mining
19:46 Stone Mining
20:09 Man-at-Arms
44:09 Castle Age
44:54 Scale Barding Armor
44:49 Scale Mail Armor
44:50 Padded Archer Armor
44:41 Fletching
45:03 Forging
45:06 Bloodlines
44:48 Arson
45:30 Bow Saw
45:24 Heavy Plow
44:52 Demolition Ship
47:02 Gold Shaft Mining
45:50 Light Cavalry
46:31 Husbandry
50:53 Imperial Age
52:23 Hand Cart
52:09 Town Patrol
51:36 Capped Ram
53:51 Chemistry
52:47 Murder Holes
53:14 Ballistics
53:23 Conscription
52:24 Elite Tarkan
52:34 Siege Ram
57:18 Masonry
57:46 Long Swordsman
57:47 Pikeman
58:28 Squires
57:52 Crossbowman
61:20 Marauders
61:59 Parthian Tactics
61:25 Sappers
Terminator
14:17 Feudal Age
16:32 Horse Collar
16:49 Gold Mining
16:50 Stone Mining
17:36 Double-Bit Axe
41:45 Castle Age
43:05 Wheelbarrow
42:17 Town Watch
42:19 Loom
45:59 Bow Saw
48:33 Elite Skirmisher
53:09 Thumb Ring
54:42 Man-at-Arms
54:44 Pikeman
55:26 Squires
57:43 Long Swordsman
Connection lost

Rejoining the realm…

Still unreachable

The connection could not be restored.

Session expired

The server has moved on; the page needs a fresh start.